 Dungeon Crawl Stone Soup version 0.31-a0-232-gb1c03b2570 (webtiles) character file.

Game seed: 9187474223471373028

53 qw the Shooter (level 3, -8/29 HPs)
             Began as a Minotaur Hexslinger on July 6, 2023.
             Mangled by Terence
             ... wielding a +0 trident
              (10 damage)
             ... on level 2 of the Dungeon.
             The game lasted 00:00:31 (1442 turns).

qw the Shooter (Minotaur Hexslinger)                Turns: 1442, Time: 00:00:32

Health: -8/29      AC:  2    Str: 12    XL:     3   Next: 62%
Magic:  3/3        EV: 12    Int: 10    God:
Gold:   80         SH:  0    Dex: 14    Spells: 3/4 levels left

rFire   . . .        Y - +1 sling
rCold   . . .        (no shield)
rNeg    . . .        c - +0 robe
rPois   .            (helmet restricted)
rElec   .            (no cloak)
rCorr   .            (no gloves)
SInv    .            (no boots)
Will    .....        (no amulet)
Stlth   +            (no ring)
HPRegen 0.24/turn    (no ring)
MPRegen 0.08/turn

%: no passive effects
@: about to teleport
A: horns 2, retaliatory headbutt
a: no special abilities


You were on level 2 of the Dungeon.
You visited 1 branch of the dungeon, and saw 2 of its levels.

You collected 80 gold pieces.


Innate Abilities, Weirdness & Mutations

You have a pair of horns on your head.
You reflexively headbutt those who attack you in melee.


   Skills:
 - Level 2.0 Fighting
 + Level 4.2 Ranged Weapons
 - Level 2.1 Dodging
 - Level 1.0 Spellcasting
 - Level 2.0 Hexes


You had 3 spell levels left.
You knew the following spells:

 Your Spells              Type           Power      Damage    Failure   Level
a - Slow                  Hex            16%        N/A       16%         1

Your spell library contained the following spells:

 Spells                   Type           Power      Damage    Failure   Level
 Inner Flame              Hex/Fire       2%         N/A       56%         3
 Portal Projectile        Hex/Tloc       4%         N/A       56%         3
 Cause Fear               Hex            2%         N/A       83%         4

Inventory:

Hand Weapons
 Y - a +1 sling (weapon)
Armour
 b - a +0 leather armour
 c - a +0 robe (worn)
Jewellery
 l - an amulet of the acrobat
Scrolls
 a - a scroll of teleportation
 e - a scroll of brand weapon {unknown}
 g - a scroll of enchant armour {unknown}
 h - a scroll of fear {unknown}
 k - 2 scrolls of identify
Potions
 d - a potion of degeneration {unknown}
 f - a potion of attraction {unknown}
 i - a potion of heal wounds {unknown}
 j - 2 potions of enlightenment {unknown}

Dungeon Overview and Level Annotations

Branches:
Dungeon (2/15)

Altars:

Annotations:
D:2 Terence


Message History

You shoot a sling bullet. The sling bullet barely misses Terence.
Terence misses you.
You shoot a sling bullet.
The sling bullet hits Terence but does no damage.
Terence is moderately wounded.
Terence hits you from afar with a +0 trident!
You shoot a sling bullet.
The sling bullet hits Terence but does no damage.
Terence is moderately wounded.
Terence hits you from afar with a +0 trident.
You shoot a sling bullet.
The sling bullet hits Terence but does no damage.
Terence is moderately wounded.
Terence hits you from afar with a +0 trident.
Enter note:
Enter note:
Enter note:
Enter note:
Enter note:
Enter note:
Enter note:
Enter note:
Enter note:
Enter note:
Enter note:
Enter note:
Enter note:
Enter note:
Enter note:
1440 ||| UPGRADING to +0 leather armour.
Terence hits you from afar with a +0 trident!
You stop removing your armour.
1441 ||| READING 2 scrolls of teleportation.
As you read the scroll of teleportation, it crumbles to dust.
You feel strangely unstable.
Terence hits you from afar with a +0 trident.
1442 ||| UPGRADING to +0 leather armour.
Terence hits you from afar with a +0 trident!
You stop removing your armour.
You die...

# #.# # #.# # #.#
# #.# #### #.#
...# #.# ##.# #.#
.#.###### #.#
.........# #@#
#.#.####.#....@..#
.........#.#######
#.#..###<#
#...>....#.#..#
##.......#.#..#
###.####.#.#..#
.........#.#..#
###.#...^#.#..#


You could see Terence.

Vanquished Creatures
  An adder (D:2)
  An orc (D:2)
  4 ball pythons
  2 bats (D:1)
  3 endoplasms
  A giant cockroach (D:1)
  3 goblins (D:1)
  5 hobgoblins
  6 jackals (D:1)
  A quokka (D:1)
  2 frilled lizards (D:1)
  5 kobolds
  A rat (D:1)
35 creatures vanquished.

Notes
Turn   | Place    | Note
-------+----------+-------------------------------------------
     0 | D:1      | qw the Minotaur Hexslinger began the quest for the Orb.
     0 | D:1      | Reached XP level 1. HP: 16/16 MP: 1/1
     0 | D:1      | 0 ||| qw: Version: 0.3-a-46-gb1f654a
     0 | D:1      | 0 ||| qw: Game counter: 1967
     0 | D:1      | 0 ||| qw: Melee chars always use a shield: true
     0 | D:1      | 0 ||| qw: God list: Okawaru
     0 | D:1      | 0 ||| qw: Allow faded altars: false
     0 | D:1      | 0 ||| qw: Do Orc after clearing Dungeon:15 true
     0 | D:1      | 0 ||| qw: Do second Lair branch before Depths: true
     0 | D:1      | 0 ||| qw: Lair rune preference: random
     0 | D:1      | 0 ||| qw: Goals: Normal
     0 | D:1      | 0 ||| PLANNING D:1-11
    27 | D:1      | 27 ||| FLEEEEING.
    43 | D:1      | Reached skill level 3 in Ranged Weapons
    43 | D:1      | Reached XP level 2. HP: 23/23 MP: 2/2
   253 | D:1      | Reached XP level 3. HP: 29/29 MP: 3/3
   458 | D:1      | 458 ||| READING 3 scrolls labelled YGETTA ZAMANG.
   461 | D:1      | 461 ||| READING scroll labelled FIOF ECRIUGOMOT.
   462 | D:1      | 462 ||| DRINKING 2 sedimented emerald potions.
   463 | D:1      | 463 ||| DROPPING scroll of poison.
   464 | D:1      | 464 ||| DROPPING potion of magic.
   541 | D:2      | Found a faded altar of an unknown god.
   872 | D:2      | Reached skill level 4 in Ranged Weapons
  1432 | D:2      | Noticed Terence
  1440 | D:2      | 1440 ||| UPGRADING to +0 leather armour.
  1440 | D:2      | HP: 5/29 [Terence/+0 trident (9)]
  1441 | D:2      | 1441 ||| READING 2 scrolls of teleportation.
  1441 | D:2      | HP: 2/29 [Terence/+0 trident (4)]
  1442 | D:2      | 1442 ||| UPGRADING to +0 leather armour.
  1442 | D:2      | Mangled by Terence

Levels and vault maps discovered:
D:1:      dpeg_arrival_rooms_b, layout_rooms
D:2:      layout_basic, ebering_ecumenical_altar_mist, minmay_misc_feat_roman,
          amcnicky_mini_corridor_feature, chequers_serial_rivers_small_3,
          uniq_terence

Skill      XL: |  1  2  3 |
---------------+----------+-----
Ranged Weapons | 3 4 |  4.2
Fighting       | 2 |  2.0
Dodging        | |  2.1
Spellcasting   | |  1.0
Hexes          | |  2.0

Action                     || total
---------------------------++-------
   Fire: Sling             ||   117
    Use: Scroll            ||     3
         Potion            ||     1
 Armour: Robe              ||     7
  Dodge: Dodged            ||    35

Table legend:
 A = Non-vault XP
 B = Vault XP
 C = Vault XP percentage of total XP
 D = Non-vault monster count
 E = Vault monster count
 F = Vault count percentage of total count
                 A         B        C        D         E       F
            +---------+---------+-------+---------+---------+-------
      Total |      76 |       0 |   0.0 |      35 |       0 |   0.0
            +---------+---------+-------+---------+---------+-------
        D:1 |      45 |       0 |   0.0 |      25 |       0 |   0.0
        D:2 |      31 |       0 |   0.0 |      10 |       0 |   0.0
            +---------+---------+-------+---------+---------+-------
